TOP OF THE 1ST |
Royse City Targaryens batting - Pitching for Pure Michigan Great Lakers : RHP Nate Jackson
|
Pitching: RHP Nate Jackson
|
|
Batting: LHB Donald Brown
|
0-0: Called Strike 0-1: Ball 1-1: Ball 2-1: Fly out, F5 (Popup, 56S)
|
Batting: RHB Víctor Cuevas
|
0-0: Fly out, F9 (Flyball, 9S)
|
Batting: RHB Melvin Thomas
|
0-0: Foul Ball, location: 2F 0-1: Foul Ball, location: 2F 0-2: Foul Ball, location: 2F 0-2: Ball 1-2: Strikes out swinging
|
Top of the 1st over - 0 runs, 0 hits, 0 errors, 0 left on base; Royse City 0 - Pure Michigan 0 |
BOTTOM OF THE 1ST |
Pure Michigan Great Lakers batting - Pitching for Royse City Targaryens : RHP Surrealiste Zhejna
|
Pitching: RHP Surrealiste Zhejna
|
|
Batting: SHB Jorge Ayala
|
0-0: Ball 1-0: Fly out, F9 (Flyball, 9S)
|
Batting: LHB Michael Cochran
|
0-0: Called Strike 0-1: Ground out 1-3 (Groundball, 13S)
|
Batting: RHB Alco Compagne
|
0-0: Ball 1-0: Called Strike 1-1: Foul Ball, location: 2F 1-2: Foul Ball, location: 2F 1-2: Ball 2-2: SINGLE (Groundball, 56D)
|
Batting: SHB Roger Dorn
|
0-0: DOUBLE (Line Drive, 9LD) Alco Compagne to third Runner from 3rd tries for Home, SAFE, throw made at trailing runner, OUT at third!
|
Bottom of the 1st over - 1 run, 2 hits, 0 errors, 0 left on base; Royse City 0 - Pure Michigan 1 |
TOP OF THE 2ND |
Royse City Targaryens batting - Pitching for Pure Michigan Great Lakers : RHP Nate Jackson
|
Batting: RHB Cristo Cuervo
|
0-0: Fly out, F2 (Popup, 25F)
|
Batting: SHB Miguel Herrera
|
0-0: Foul Ball, location: 2F 0-1: SOLO HOME RUN (Flyball, 9LD), Distance : 343 ft
|
Batting: RHB David Elías
|
0-0: Called Strike 0-1: Ball 1-1: Ball 2-1: Foul Ball, location: 2F 2-2: Strikes out looking
|
Batting: LHB Takahiro Suzuki
|
0-0: Ball 1-0: Ball 2-0: Ball 3-0: Called Strike 3-1: Swinging Strike 3-2: Base on Balls
|
Batting: RHB José García
|
0-0: Ball 1-0: Ball 2-0: Foul Ball, location: 2F 2-1: Fly out, F8 (Flyball, 8RS)
|
Top of the 2nd over - 1 run, 1 hit, 0 errors, 1 left on base; Royse City 1 - Pure Michigan 1 |
BOTTOM OF THE 2ND |
Pure Michigan Great Lakers batting - Pitching for Royse City Targaryens : RHP Surrealiste Zhejna
|
Batting: LHB Ángel Pineda
|
0-0: Ball 1-0: Ball 2-0: Foul Ball, location: 2F 2-1: Ball 3-1: Base on Balls
|
Pitching: RHP Currito Melena
|
|
Batting: RHB Dan Hendricks
|
0-0: Ball 1-0: SINGLE (Flyball, 8RS) Ángel Pineda to second
|
Batting: SHB Cyrille Baffi
|
0-0: Called Strike 0-1: Ball 1-1: Swinging Strike 1-2: Ball 2-2: SINGLE (Groundball, 34D) Ángel Pineda to third Dan Hendricks to second
|
Batting: RHB David Crow
|
0-0: Ball 1-0: Foul Ball, location: 2F 1-1: Ball 2-1: Ball 3-1: Foul Ball, location: 2F 3-2: Foul Ball, location: 2F 3-2: Ground out 3-1 (Groundball, 34S) Ángel Pineda scores Dan Hendricks to third Cyrille Baffi to second
|
Batting: RHB Trevor O'Herlihy
|
0-0: SINGLE (Flyball, 7S) Dan Hendricks scores Cyrille Baffi to third
|
Batting: SHB Jorge Ayala
|
0-0: Foul Ball, location: 2F 0-1: Ball 1-1: SINGLE (Line Drive, 6MD) Cyrille Baffi scores Trevor O'Herlihy to second
|
Batting: LHB Michael Cochran
|
0-0: Ball 1-0: Called Strike 1-1: Ball 2-1: Ground out 6-3 (Groundball, 6S) Trevor O'Herlihy to third Jorge Ayala to second
|
Batting: RHB Alco Compagne
|
0-0: Ball 1-0: Fly out, F7 (Flyball, 7S)
|
Bottom of the 2nd over - 3 runs, 4 hits, 0 errors, 2 left on base; Royse City 1 - Pure Michigan 4 |
TOP OF THE 3RD |
Royse City Targaryens batting - Pitching for Pure Michigan Great Lakers : RHP Nate Jackson
|
Batting: LHB Denis Jerningham
|
0-0: Called Strike 0-1: Ball 1-1: Foul Ball, location: 2F 1-2: Ground out 1-3 (Groundball, 13S)
|
Batting: LHB Donald Brown
|
0-0: Ball 1-0: Called Strike 1-1: Ball 2-1: Fly out, F8 (Line Drive, 8LM)
|
Batting: RHB Víctor Cuevas
|
0-0: Called Strike 0-1: Ball 1-1: SOLO HOME RUN (Flyball, 7D), Distance : 393 ft
|
Batting: RHB Melvin Thomas
|
0-0: Ball 1-0: SINGLE (Line Drive, 3S)
|
Batting: RHB Cristo Cuervo
|
0-0: Called Strike 0-1: Called Strike Melvin Thomas steals 2nd base 0-2: Ball 1-2: Fly out, F9 (Flyball, 9S)
|
Top of the 3rd over - 1 run, 2 hits, 0 errors, 1 left on base; Royse City 2 - Pure Michigan 4 |
BOTTOM OF THE 3RD |
Pure Michigan Great Lakers batting - Pitching for Royse City Targaryens : RHP Currito Melena
|
Batting: SHB Roger Dorn
|
0-0: Foul Ball, location: 2F 0-1: Ball 1-1: Foul Ball, location: 2F 1-2: Ball 2-2: Ball 3-2: Base on Balls
|
Batting: LHB Ángel Pineda
|
0-0: SINGLE (Line Drive, 4M) Roger Dorn to second
|
Batting: RHB Dan Hendricks
|
0-0: Ball 1-0: Ball 2-0: Swinging Strike 2-1: Grounds into double play, 6-4-3 (Groundball, 6) Roger Dorn to third
|
Batting: SHB Cyrille Baffi
|
0-0: Swinging Strike 0-1: Ground out 4-3 (Groundball, 4S)
|
Bottom of the 3rd over - 0 runs, 1 hit, 0 errors, 1 left on base; Royse City 2 - Pure Michigan 4 |
TOP OF THE 4TH |
Royse City Targaryens batting - Pitching for Pure Michigan Great Lakers : RHP Nate Jackson
|
Batting: SHB Miguel Herrera
|
0-0: Called Strike 0-1: Ball 1-1: Foul Ball, location: 2F 1-2: Foul Ball, location: 2F 1-2: SINGLE (Groundball, 56D)
|
Batting: RHB David Elías
|
0-0: Ball 1-0: Ball 2-0: SINGLE (Flyball, 7S) Miguel Herrera to second
|
Batting: LHB Takahiro Suzuki
|
0-0: Called Strike 0-1: Hit by Pitch Miguel Herrera to third David Elías to second
|
Batting: RHB José García
|
0-0: Ball 1-0: Called Strike 1-1: Called Strike 1-2: Ball 2-2: Ball 3-2: Base on Balls Miguel Herrera scores David Elías to third Takahiro Suzuki to second
|
Batting: LHB Denis Jerningham
|
0-0: Foul Ball, location: 2F 0-1: Grounds into fielders choice 4-2 (Groundball, 4) Takahiro Suzuki to third José García to second
|
Batting: LHB Donald Brown
|
0-0: Ball 1-0: Called Strike 1-1: Ball 2-1: Fly out, F9 (Flyball, 89M) Runner from 3rd tags up, SCORES, no throw
|
Batting: RHB Víctor Cuevas
|
0-0: Ground out 1-3 (Groundball, 13)
|
Top of the 4th over - 2 runs, 2 hits, 0 errors, 2 left on base; Royse City 4 - Pure Michigan 4 |
BOTTOM OF THE 4TH |
Pure Michigan Great Lakers batting - Pitching for Royse City Targaryens : RHP Currito Melena
|
Batting: RHB David Crow
|
0-0: Ball 1-0: Ball 2-0: Foul Ball, location: 2F 2-1: Swinging Strike 2-2: Foul Ball, location: 2F 2-2: Ball 3-2: Strikes out swinging
|
Batting: RHB Trevor O'Herlihy
|
0-0: Called Strike 0-1: SINGLE (Line Drive, 4D)
|
Batting: SHB Jorge Ayala
|
0-0: Called Strike 0-1: Foul Ball, location: 2F 0-2: Ball 1-2: Ball 2-2: Strikes out looking
|
Batting: LHB Michael Cochran
|
0-0: Called Strike 0-1: Ball 1-1: Ball 2-1: Ground out U3 (Groundball, 3)
|
Bottom of the 4th over - 0 runs, 1 hit, 0 errors, 1 left on base; Royse City 4 - Pure Michigan 4 |
TOP OF THE 5TH |
Royse City Targaryens batting - Pitching for Pure Michigan Great Lakers : RHP Nate Jackson
|
Batting: RHB Melvin Thomas
|
0-0: Ground out 4-3 (Groundball, 4)
|
Batting: RHB Cristo Cuervo
|
0-0: Called Strike 0-1: Ball 1-1: Foul Ball, location: 2F 1-2: Strikes out looking
|
Batting: SHB Miguel Herrera
|
0-0: Hit by Pitch
|
Batting: RHB David Elías
|
0-0: Foul Ball, location: 2F 0-1: Foul Ball, location: 2F 0-2: Foul Ball, location: 2F 0-2: Ball 1-2: Fly out, F3 (Popup, 3F)
|
Top of the 5th over - 0 runs, 0 hits, 0 errors, 1 left on base; Royse City 4 - Pure Michigan 4 |
BOTTOM OF THE 5TH |
Pure Michigan Great Lakers batting - Pitching for Royse City Targaryens : RHP Currito Melena
|
Pitching: RHP Pak Dong Hyeon
|
|
Batting: RHB Alco Compagne
|
0-0: Ball 1-0: Called Strike 1-1: Ball 2-1: Fly out, F3 (Popup, 3SF)
|
Batting: SHB Roger Dorn
|
0-0: Foul Ball, location: 2F 0-1: Ball 1-1: Ball 2-1: Called Strike 2-2: Foul Ball, location: 2F 2-2: Foul Ball, location: 2F 2-2: Foul Ball, location: 2F 2-2: Strikes out swinging
|
Batting: LHB Ángel Pineda
|
0-0: Called Strike 0-1: Swinging Strike 0-2: Foul Ball, location: 2F 0-2: Ball 1-2: Ball 2-2: Strikes out swinging
|
Bottom of the 5th over - 0 runs, 0 hits, 0 errors, 0 left on base; Royse City 4 - Pure Michigan 4 |
TOP OF THE 6TH |
Royse City Targaryens batting - Pitching for Pure Michigan Great Lakers : RHP Nate Jackson
|
Batting: LHB Takahiro Suzuki
|
0-0: Called Strike 0-1: Swinging Strike 0-2: Ground out 4-3 (Groundball, 4)
|
Batting: RHB José García
|
0-0: Called Strike 0-1: Ball 1-1: Ball 2-1: Ball 3-1: Swinging Strike 3-2: SINGLE (Groundball, 56S) (infield hit)
|
Batting: LHB Denis Jerningham
|
0-0: Foul Ball, location: 2F 0-1: Foul Ball, location: 2F 0-2: Ball 1-2: DOUBLE (Line Drive, 7LS) José García to third
|
Pitching: RHP César Román
|
|
Batting: LHB Donald Brown
|
0-0: Ball 1-0: Called Strike 1-1: Called Strike 1-2: Ball 2-2: Ball 3-2: Foul Ball, location: 2F 3-2: Strikes out swinging
|
Batting: RHB Víctor Cuevas
|
0-0: Ball 1-0: Ball 2-0: Ball 3-0: Called Strike 3-1: Base on Balls
|
Batting: RHB Melvin Thomas
|
0-0: Fly out, F8 (Flyball, 8RM)
|
Top of the 6th over - 0 runs, 2 hits, 0 errors, 3 left on base; Royse City 4 - Pure Michigan 4 |
BOTTOM OF THE 6TH |
Pure Michigan Great Lakers batting - Pitching for Royse City Targaryens : RHP Pak Dong Hyeon
|
Batting: RHB Dan Hendricks
|
0-0: Ball 1-0: Foul Ball, location: 2F 1-1: Called Strike 1-2: Strikes out looking
|
Batting: SHB Cyrille Baffi
|
0-0: SINGLE (Flyball, 89S)
|
Batting: RHB David Crow
|
0-0: Ball 1-0: SINGLE (Line Drive, 56D) Cyrille Baffi to second
|
Batting: RHB Trevor O'Herlihy
|
0-0: Called Strike 0-1: Ball 1-1: Ball 2-1: Foul Ball, location: 2F 2-2: Strikes out swinging
|
Batting: SHB Jorge Ayala
|
0-0: Called Strike 0-1: Ball 1-1: Ball 2-1: Ball 3-1: Base on Balls Cyrille Baffi to third David Crow to second
|
Batting: LHB Michael Cochran
|
0-0: Reached on error, E5 (Groundball, 56) Cyrille Baffi scores David Crow to third Jorge Ayala to second
|
Batting: RHB Alco Compagne
|
0-0: Ball 1-0: Called Strike 1-1: Ball 2-1: Ground out 4-3 (Groundball, 4D)
|
Bottom of the 6th over - 1 run, 2 hits, 1 error, 3 left on base; Royse City 4 - Pure Michigan 5 |
TOP OF THE 7TH |
Royse City Targaryens batting - Pitching for Pure Michigan Great Lakers : RHP César Román
|
Now at C: Quincy van Enk
|
|
Batting: RHB Cristo Cuervo
|
0-0: Called Strike 0-1: Fly out, F9 (Flyball, 9D)
|
Batting: SHB Miguel Herrera
|
0-0: Ball 1-0: Ball 2-0: Called Strike 2-1: Called Strike 2-2: Ground out U3 (Groundball, 3L)
|
Batting: RHB David Elías
|
0-0: Called Strike 0-1: Ball 1-1: Foul Ball, location: 2F 1-2: Ball 2-2: Foul Ball, location: 2F 2-2: Foul Ball, location: 2F 2-2: Fly out, F7 (Flyball, 7D)
|
Top of the 7th over - 0 runs, 0 hits, 0 errors, 0 left on base; Royse City 4 - Pure Michigan 5 |
BOTTOM OF THE 7TH |
Pure Michigan Great Lakers batting - Pitching for Royse City Targaryens : RHP Pak Dong Hyeon
|
Batting: SHB Roger Dorn
|
0-0: Called Strike 0-1: Ball 1-1: Swinging Strike 1-2: SINGLE (Groundball, 6D)
|
Pitching: RHP Manuel Torres
|
|
Batting: LHB Ángel Pineda
|
0-0: Ball 1-0: Ball 2-0: Ball 3-0: Called Strike 3-1: Grounds into double play, 6-4-3 (Groundball, 56)
|
Batting: RHB Dan Hendricks
|
0-0: Called Strike 0-1: Foul Ball, location: 2F 0-2: Strikes out swinging
|
Bottom of the 7th over - 0 runs, 1 hit, 0 errors, 0 left on base; Royse City 4 - Pure Michigan 5 |
TOP OF THE 8TH |
Royse City Targaryens batting - Pitching for Pure Michigan Great Lakers : RHP César Román
|
Now at 1B: Shelby Loudenslager
|
|
Now at 3B: Hamilton Swan
|
|
Batting: LHB Takahiro Suzuki
|
0-0: Ball 1-0: Foul Ball, location: 2F 1-1: SINGLE (Line Drive, 89S)
|
Pitching: RHP Joseph Merle
|
|
Batting: RHB José García
|
0-0: Sac Bunt - play at first, batter OUT! 1-4 Takahiro Suzuki to second
|
Batting: LHB Denis Jerningham
|
0-0: DOUBLE (Line Drive, 89D) Takahiro Suzuki scores
|
Batting: LHB Donald Brown
|
0-0: Called Strike 0-1: Fly out, F7 (Flyball, 78D)
|
Batting: RHB Víctor Cuevas
|
0-0: Ball 1-0: Foul Ball, location: 2F 1-1: Swinging Strike 1-2: Foul Ball, location: 2F 1-2: Foul Ball, location: 2F 1-2: Ball 2-2: Strikes out swinging
|
Top of the 8th over - 1 run, 2 hits, 0 errors, 1 left on base; Royse City 5 - Pure Michigan 5 |
BOTTOM OF THE 8TH |
Pure Michigan Great Lakers batting - Pitching for Royse City Targaryens : RHP Manuel Torres
|
Batting: SHB Cyrille Baffi
|
0-0: Ball 1-0: Foul Ball, location: 2F 1-1: Ball 2-1: Foul Ball, location: 2F 2-2: Ball 3-2: SINGLE (Popup, 5D)
|
Batting: RHB David Crow
|
0-0: Ball 1-0: Called Strike 1-1: Ball 2-1: SINGLE (Groundball, 34D) Cyrille Baffi to second Runner from 2nd tries for 3rd, SAFE, no throw
|
Batting: RHB Quincy van Enk
|
0-0: Swinging Strike 0-1: Ball 1-1: Fly out, F8 (Flyball, 8RM) Runner from 3rd tags up, SCORES, throw made
|
Batting: SHB Jorge Ayala
|
0-0: Foul Ball, location: 2F 0-1: Ball 1-1: Called Strike 1-2: Strikes out swinging
|
Batting: LHB Michael Cochran
|
0-0: Ball 1-0: Fly out, F7 (Flyball, 7S)
|
Bottom of the 8th over - 1 run, 2 hits, 0 errors, 1 left on base; Royse City 5 - Pure Michigan 6 |
TOP OF THE 9TH |
Royse City Targaryens batting - Pitching for Pure Michigan Great Lakers : RHP Joseph Merle
|
Pitching: RHP King Kelly
|
|
Batting: RHB Melvin Thomas
|
0-0: Foul Ball, location: 2F 0-1: Ball 1-1: Foul Ball, location: 2F 1-2: Strikes out swinging
|
Batting: RHB Cristo Cuervo
|
0-0: Foul Ball, location: 2F 0-1: SINGLE (Groundball, 6MD)
|
Batting: SHB Miguel Herrera
|
0-0: Ball 1-0: Called Strike 1-1: Ball 2-1: Fly out, F8 (Flyball, 89D) Runner from 1st tags up, SAFE at 2nd
|
Pinch Hitting: LHB Joe Karnowski
|
0-0: Called Strike 0-1: Fly out, F5 (Popup, 25)
|
Top of the 9th over - 0 runs, 1 hit, 0 errors, 1 left on base; Royse City 5 - Pure Michigan 6 |
|